 Dungeon Crawl Stone Soup version 0.31.0-11-ge490571c62 (webtiles) character file.

Game seed: 5602989716393660754

1211 Amaterasu the Firebug (level 8, -2/45 (62) HPs)
             Began as a Demonspawn Fire Elementalist on Jan 28, 2024.
             Was an Initiate of Gozag.
             Slain by a sleepcap (7 damage)
             ... on level 6 of the Dungeon.
             The game lasted 00:18:06 (5180 turns).

Amaterasu the Firebug (DsFE)                        Turns: 5180, Time: 00:18:09

HP:   -2/45 (62)    AC:  5    Str:  9    XL:     8   Next: 22%
MP:   0/15          EV: 12    Int: 24    God:    Gozag
Gold: 207           SH:  0    Dex: 13    Spells: 8/17 levels left

rFire   . . .        n - +1 spear (venom)
rCold   . . .        (no shield)
rNeg    . . .        a - +0 robe
rPois   +            o - +1 helmet
rElec   .            t - +0 cloak
rCorr   .            (no gloves)
SInv    .            (no boots)
Will    .....        (no amulet)
Stlth   ++           c - +6 ring of intelligence
HPRegen 0.27/turn    m - ring of poison resistance
MPRegen 0.28/turn

%: guardian spirit
@: gold aura, very heavily drained
A: foul stench 1, magic shield, magic regeneration, demonic touch 1
a: Renounce Religion, Potion Petition, Call Merchant, Bribe Branch


You were on level 6 of the Dungeon.
You worshipped Gozag.
Gozag was aware of your devotion.
You visited 1 branch of the dungeon, and saw 6 of its levels.

You collected 309 gold pieces.
You paid 102 gold pieces to Gozag.

Inventory:

Hand Weapons
 n - a +1 spear of venom (weapon)
Armour
 a - a +0 robe (worn)
 o - a +1 helmet (worn)
 t - a +0 cloak (worn)
Jewellery
 c - a +6 ring of intelligence (left hand)
 l - a ring of protection from cold
 m - a ring of poison resistance (right hand)
 p - a ring of ice
 q - a ring of ice
 s - a ring of see invisible
Wands
 j - a wand of flame (18)
 r - a wand of charming (1)
Scrolls
 h - a scroll of torment
 k - a scroll of blinking
Potions
 b - a potion of magic
 d - a potion of cancellation
 e - a potion of invisibility
 f - a potion of mutation
 i - a potion of attraction
 u - a potion of curing
 v - 2 potions of enlightenment {unknown}


   Skills:
 - Level 5.0 Fighting
 * Level 1.6 Polearms
 - Level 1.7 Dodging
 - Level 1.7 Stealth
 - Level 5.0 Spellcasting
 * Level 2.8 Conjurations
 - Level 2.0 Summonings
 + Level 5.3 Fire Magic


You had 8 spell levels left.
You knew the following spells:

 Your Spells              Type           Power      Damage    Failure   Level
a - Foxfire               Conj/Fire      100%       2x1d9     1%          1
b - Scorch                Fire           62%        2d7       1%          2
c - Call Imp              Summ           30%        N/A       6%          2
d - Flame Wave            Conj/Fire      25%        2d8       16%         4

Your spell library contained the following spells:

 Spells                   Type           Power      Damage    Failure   Level
 Inner Flame              Hex/Fire       18%        N/A       9%          3
 Volatile Blastmotes      Fire/Tloc      36%        2d13      9%          3
 Sublimation of Blood     Necr           6%         N/A       13%         2
 Summon Hydra             Summ           7%         N/A       100%        7


Dungeon Overview and Level Annotations

Branches:
Dungeon (6/15)
 Temple: D:4-7

Altars:
Dithmenos
Gozag
Kikubaaqudgha
Okawaru
Xom

Shops:
D:1 ?[(   D:6 [:[


Innate Abilities, Weirdness & Mutations

You may rarely emit foul miasma when damaged in melee.
When hurt, damage is shared between your health and your magic reserves.
You regenerate magic rapidly.
Your touch may inflict minor irresistible damage on your foes.


Message History

Maggie hits you with a +1 war axe of draining!
You feel drained.
Unknown command.
You barely miss Maggie.
You touch Maggie!
Your punch misses Maggie.
Maggie is severely wounded.
Maggie casts a spell.
Maggie draws you further into her thrall.
Unknown command.
You closely miss Maggie.
Maggie is severely wounded.
Maggie closely misses you.
Unknown command.
You hit Maggie but do no damage.
Maggie looks as sick as possible!
Maggie is severely wounded.
Maggie hits you with a +1 war axe of draining!
* * * LOW HITPOINT WARNING * * *
You feel drained.
* * * LOW HITPOINT WARNING * * *
Unknown command.
You feel better.
A sleepcap comes into view.
Maggie hits you with a +1 war axe of draining.
* * * LOW HITPOINT WARNING * * *
You feel drained.
* * * LOW HITPOINT WARNING * * *
You feel better. Maggie barely misses you.
You cannot move away from Maggie!
You closely miss Maggie.
You touch Maggie!
Maggie is almost dead.
Maggie casts a spell at you. The bolt of fire hits you!
* * * LOW HITPOINT WARNING * * *
Unknown command.
You hit Maggie but do no damage.
Maggie looks as sick as possible!
Maggie is almost dead.
You are no longer entranced.
You kill Maggie!
The sleepcap releases spores at you!
You die...
Your body crumbles into a pile of gold.

.# ... .#...#.
#.#.#.(...
.#.#...#...
...(#...#.. ##
#...........
#.#.##$.....#.#.#
#...@$..........
###.#f.........#
#.#.......# #
#.#(##.#..# #
#.#.#.....# #
#.#.#.....### #
#.#.#.......### #
..#...........# #
######..#.#.#####


You could see a sleepcap.

Vanquished Creatures
  Maggie (D:6)
  A water moccasin (D:6)
  Blork the orc (D:5)
  2 scorpions
  A killer bee (D:5)
  3 hounds
  2 jellies (D:5)
  Crazy Yiuf (D:3)
  2 iguanas
  5 orc wizards
  Natasha (thrice) (D:2)
  Robin (D:2)
  5 adders
  3 gnolls (D:5)
  A white imp (D:5)
  2 ufetubi (D:5)
  2 dart slugs
  A ribbon worm (D:3)
  12 orcs
  11 endoplasms
  2 giant cockroaches
  9 goblins
  9 hobgoblins
  7 jackals
  3 quokkas
  6 ball pythons
  4 bats
  A frilled lizard (D:2)
  9 kobolds
110 creatures vanquished.

Vanquished Creatures (collateral kills)
  An iguana (D:5)
  2 orcs
  A goblin (D:2)
  A hobgoblin (D:2)
  2 foxfires (D:1)
7 creatures vanquished.

Vanquished Creatures (others)
  An unseen horror (D:5)
  347 foxfires
348 creatures vanquished.

Grand Total: 465 creatures vanquished

Notes
Turn   | Place    | Note
-------+----------+-------------------------------------------
     0 | D:1      | Amaterasu the Demonspawn Fire Elementalist began the quest
                  | for the Orb.
     0 | D:1      | Reached XP level 1. HP: 13/13 MP: 3/3
   101 | D:1      | Found Miesif's Antique Weapon Shop.
   162 | D:1      | Gained mutation: You regenerate magic rapidly. [demonic
                  | ancestry]
   162 | D:1      | Reached XP level 2. HP: 19/19 MP: 0/5
   313 | D:1      | Learned a level 2 spell: Scorch
   557 | D:1      | Found Ixkeuw's Antique Armour Shop.
   853 | D:1      | Found Cymiorab's Magic Scroll Shoppe.
  1012 | D:1      | Gained mutation: Your touch may inflict minor irresistible
                  | damage on your foes. [demonic ancestry]
  1012 | D:1      | Reached XP level 3. HP: 24/24 MP: 3/6
  1412 | D:2      | Learned a level 2 spell: Call Imp
  1520 | D:2      | Noticed Robin
  1531 | D:2      | Killed Robin
  1733 | D:2      | Gained mutation: When hurt, damage is shared between your
                  | health and your magic reserves. [demonic ancestry]
  1733 | D:2      | Reached XP level 4. HP: 16/30 MP: 2/7
  1829 | D:2      | Noticed Natasha
  1834 | D:2      | Killed Natasha
  1916 | D:2      | Noticed Natasha
  1923 | D:2      | Killed Natasha
  1924 | D:2      | Reached skill level 1 in Summonings
  1924 | D:2      | Reached skill level 5 in Fire Magic
  1952 | D:2      | Noticed Natasha
  1956 | D:2      | Killed Natasha
  1957 | D:2      | Reached XP level 5. HP: 35/35 MP: 3/8
  2016 | D:2      | Found a shimmering altar of Xom.
  2150 | D:3      | Found an iron altar of Okawaru.
  2484 | D:3      | Reached skill level 1 in Fighting
  2686 | D:3      | Found a faded altar of an unknown god.
  2822 | D:3      | Found a runed translucent door.
  2823 | D:3      | Noticed Crazy Yiuf
  2832 | D:3      | Killed Crazy Yiuf
  3009 | D:3      | Found an ancient bone altar of Kikubaaqudgha.
  3117 | D:4      | Reached XP level 6. HP: 43/43 MP: 6/10
  3907 | D:5      | Entered Level 5 of the Dungeon
  3923 | D:5      | You fall into a shaft and drop 1 floor!
  3923 | D:6      | Found Zouggarr's Antique Armour Boutique.
  3923 | D:6      | Found Hoklik's Book Boutique.
  3923 | D:6      | Found Noaw's Armour Boutique.
  3932 | D:6      | Noticed a water moccasin
  4199 | D:5      | Noticed Blork the orc
  4220 | D:5      | Gained mutation: You may rarely emit foul miasma when
                  | damaged in melee. [demonic ancestry]
  4220 | D:5      | Reached XP level 7. HP: 36/49 MP: 4/14
  4222 | D:5      | Killed Blork the orc
  4294 | D:5      | Reached skill level 5 in Spellcasting
  4422 | D:5      | Killed an unseen horror
  4423 | D:5      | Reached skill level 5 in Fighting
  4546 | D:5      | Learned a level 4 spell: Flame Wave
  4552 | D:5      | Found a shadowy altar of Dithmenos.
  4941 | D:5      | Found an opulent altar of Gozag.
  4946 | D:5      | Became a worshipper of Gozag Ym Sagoz the Greedy
  5032 | D:6      | Reached skill level 1 in Polearms
  5032 | D:6      | Reached XP level 8. HP: 62/62 MP: 10/15
  5149 | D:6      | Noticed Maggie
  5180 | D:6      | Killed Maggie
  5180 | D:6      | Slain by a sleepcap

Illustrated notes

Levels and vault maps discovered:
D:1:      nzn_arrival_depleted_hourglass, layout_basic, serial_shops, shop,
          shop, shop, dk_noncrumbling_2, minmay_misc_feat_four_crosses,
          minmay_misc_feat_encased, minmay_hedge_maze, st_stairs_10,
          minmay_ruptured
D:2:      layout_rooms, basic_altar, roderic_roman_lattice,
          minmay_tiny_reverse_x, uniq_natasha, uniq_robin
D:3:      layout_basic, mainiacjoe_overflow_swirl,
          ebering_ecumenical_altar_webs, uniq_crazy_yiuf_cottage
D:4:      layout_cave_pods
D:5:      layout_loops_ring, minmay_misc_feat_cross, hangedman_feature_mirror,
          uniq_blork_the_orc
D:6:      layout_loops_ring, kennysheep_mini_moat,
          nicolae_qazlal_style_of_elements, minmay_temple_entry_sparse_star,
          nicolae_shop_distant_corner_stores, hangedman_abyss_or_decor_stabs,
          uniq_maggie

Skill      XL: |  1  2  3  4  5  6  7  8 |
---------------+-------------------------+-----
Fire Magic     | 3 4 5 |  5.3
Summonings     | 1 2 |  2.0
Fighting       | 1 5 |  5.0
Spellcasting   | 3 4 5 |  5.0
Polearms       | 1 |  1.6
Conjurations   | 2 |  2.8
Dodging        | |  1.7
Stealth        | |  1.7

Action                     |  1- 3 |  4- 6 |  7- 9 || total
---------------------------+-------+-------+-------++-------
  Melee: Unarmed           |     6 |       |       ||     6
         Whip              |     6 |       |       ||     6
         Spear             |    17 |    33 |    21 ||    71
         Touch             |     1 |     3 |     4 ||     8
         Punch             |       |     1 |       ||     1
   Cast: Foxfire           |    94 |    76 |    57 ||   227
         Scorch            |     5 |    22 |     4 ||    31
         Call Imp          |     1 |     9 |     6 ||    16
         Flame Wave        |       |       |     2 ||     2
  Evoke: Wand              |       |     1 |       ||     1
    Use: Scroll            |     4 |    11 |     1 ||    16
         Potion            |       |       |     4 ||     4
   Stab: Sleeping          |     1 |       |       ||     1
         Betrayed ally     |       |       |     1 ||     1
 Armour: Robe              |    26 |    22 |    26 ||    74
  Dodge: Dodged            |    21 |    17 |    10 ||    48
